cohdb
Replays
Latest Replays
All Replays
Popular Replays
Top Player Replays
Match Explorer
How It Works
Community
CoH3 Stats
Reddit
Sign in to upload your games and track your stats! →
Sign in with Steam
Match 35462049
Unlisted
Match 35462049
Overview
Messages
Build Orders
End
Construct Infanterie Kompanie
Grenadier Squad
MG 42 Machine Gun Team
GrW 34 Mortar Team
Construct Panzergrenadier Kompanie
Panzergrenadier Squad
Pak 40 Anti-tank Gun Team
Panzergrenadier Squad
Construct Panzer Kompanie
Stoßtruppen Squad
Panzer IV Medium Tank
Panzer Officer Quarters
Kettenkrad Recon Vehicle
Pioneer Squad
Selects Luftwaffe Battlegroup
Selects Stuka Strafing Run
Selects Fallschirmjäger Squad Paradrop
Selects Stuka Loiter
Stuka Loiter
Panzer IV Medium Tank
Panzer IV Medium Tank
Fallschirmjäger Squad Paradrop
Stuka Loiter
Side Skirts
Selects Luftwaffe Pioneer Support
Selects Flak 38 Anti-Air Emplacement
Stuka Strafing Run
Pioneer Squad
Stuka Loiter
Stuka Strafing Run
Panzer IV Medium Tank
MG 42 Machine Gun Team
Stuka Loiter
Stuka Loiter
Nes_Nad
AudoBell
ArmedToad
xTheMuffinMan
Dream
Lighto
Yaas
冲锋大哥
0
0
Comments
sign in to comment!
No comments posted yet!